 Dungeon Crawl Stone Soup version 0.30-a0-223-gcb0039aa0c (webtiles) character file.

Game seed: 16330886859875148806

6066 Lobster4 the Thaumaturge (level 10, -1/53 HPs)
             Began as a Deep Elf Conjurer on Oct 9, 2022.
             Was a Follower of Sif Muna.
             Slain by a gnoll sergeant
             ... wielding a +0 trident
              (8 damage)
             ... on level 8 of the Dungeon.
             The game lasted 00:32:03 (10479 turns).

Lobster4 the Thaumaturge (Deep Elf Conjurer)       Turns: 10479, Time: 00:32:03

Health: -1/53      AC:  6    Str:  4    XL:     10   Next: 57%
Magic:  16/27      EV: 13    Int: 34    God:    Sif Muna [*.....]
Gold:   455        SH:  5    Dex: 19    Spells: 18/31 levels left

rFire   . . .      SeeInvis .    a - +4 short sword (flame)
rCold   . . .      Faith    .    (no shield)
rNeg    + . .      Spirit   .    K - +2 robe {rN+}
rPois   .          Reflect  +    (no helmet)
rElec   .          Harm     .    E - +0 cloak
rCorr   .          Rampage  .    (no gloves)
Will    +....                    r - +0 pair of boots
Stlth   +++.......               k - amulet of reflection
HPRegen 0.28/turn                j - +6 ring of dexterity
MPRegen 0.20/turn                B - +6 ring of intelligence

@: about to teleport
A: no striking features
a: Renounce Religion, Channel Magic


You were on level 8 of the Dungeon.
You worshipped Sif Muna.
Sif Muna was aware of your devotion.
You visited 2 branches of the dungeon, and saw 9 of its levels.

You collected 469 gold pieces.
You spent 14 gold pieces at shops.

Inventory:

Hand Weapons
 a - a +4 short sword of flaming (weapon)
 b - a +0 longbow
 f - a +0 rapier
 i - a +3 dagger of venom
Missiles
 m - 5 javelins
 s - 35 poisoned darts
Armour
 c - a +0 ring mail
 r - a +0 pair of boots (worn)
 u - a +0 leather armour
 y - a +1 robe of cold resistance
 E - a +0 cloak (worn)
 K - a +2 robe of positive energy (worn)
Jewellery
 j - a +6 ring of dexterity (left hand)
 k - an amulet of reflection (around neck)
 B - a +6 ring of intelligence (right hand)
Wands
 o - a wand of iceblast (12)
 v - a wand of light (11)
 F - a wand of paralysis (2)
Scrolls
 e - 2 scrolls of poison {unknown}
 l - 2 scrolls of vulnerability {unknown}
 n - 2 scrolls of enchant armour {unknown}
 q - 3 scrolls of teleportation
 x - a scroll of enchant weapon {unknown}
 z - 2 scrolls of butterflies {unknown}
 A - a scroll of magic mapping {unknown}
 C - 2 scrolls of blinking {unknown}
 J - 2 scrolls of immolation {unknown}
Potions
 d - a potion of might
 g - 2 potions of cancellation {unknown}
 p - 3 potions of ambrosia {unknown}
 t - 4 potions of lignification {unknown}
 w - a potion of experience
 H - a potion of brilliance
 I - 2 potions of curing {unknown}
 L - 2 potions of magic
 M - a potion of heal wounds {unknown}
 N - a potion of invisibility {unknown}


   Skills:
 - Level 2.0 Fighting
 + Level 4.6 Ranged Weapons
 - Level 4.0 Armour
 - Level 3.0 Dodging
 - Level 3.1 Stealth
 + Level 1.8 Unarmed Combat
 + Level 11.1 Spellcasting
 + Level 9.8 Conjurations
 - Level 6.0 Hexes
 + Level 5.5 Translocations
 - Level 3.0 Invocations
 - Level 3.0 Evocations


You had 18 spell levels left.
You knew the following spells:

 Your Spells              Type           Power      Damage    Failure   Level
a - Magic Dart            Conj           100%       1d8       1%          1
b - Searing Ray           Conj           100%       2d8       1%          2
c - Fulminant Prism       Conj/Hex       32%        3d16      1%          4
d - Blink                 Tloc           100%       N/A       1%          2
e - Iskenderun's Mystic   Conj/Tloc      63%        2d13      1%          4

Your spell library contained the following spells:

 Spells                   Type           Power      Damage    Failure   Level
 Momentum Strike          Conj/Tloc      100%       3d10      1%          2
 Dazzling Flash           Conj/Hex       100%       N/A       1%          3
 Gell's Gravitas          Tloc           54%        N/A       1%          3
 Lesser Beckoning         Tloc           100%       N/A       1%          3
 Teleport Other           Tloc           54%        N/A       1%          3


Dungeon Overview and Level Annotations

Branches:
Dungeon (8/15)             Temple (1/1) D:6
   Lair: D:8-11

Altars:
Ashenzari
Cheibriados
Dithmenos
Elyvilon
Fedhas
Gozag
Hepliaklqana
Kikubaaqudgha
Makhleb
Nemelex Xobeh
Okawaru
Qazlal
Ru
Sif Muna
Vehumet
Wu Jian
Yredelemnul
Zin
The Shining One

Shops:
D:3 (=:(   D:5 *


Message History

The steam dragon bites you but does no damage.
The steam dragon claws you but does no damage.
The searing ray misses the steam dragon.
The searing ray hits the gnoll.
The gnoll is heavily wounded.
The steam dragon bites you but does no damage.
The steam dragon claws you.
The searing ray hits the steam dragon!
The steam dragon is almost dead.
The searing ray hits the gnoll.
The gnoll is almost dead.
You finish channelling your searing ray.
The steam dragon breathes steam at you. The ball of steam hits you!
Casting: Searing Ray (safe; 1% risk of failure)
Confirm with . or Enter, or press ? or * to list all spells.
Aiming: Searing Ray (safe; 1% risk of failure)
Press: ? - help, Shift-Dir - straight line, f/p - steam dragon
Aim: a steam dragon (almost dead, catching its breath, 83% to hit)
The searing ray hits the steam dragon.
You kill the steam dragon!
Sif Muna accepts your kill.
The steam dragon scales are intact enough to wear.
The searing ray hits the gnoll.
You kill the gnoll!
Sif Muna accepts your kill. (Press . to maintain the ray.)
You are engulfed in a cloud of scalding steam.
Training target 2.0 for Fighting reached!
Your Fighting skill increases to level 2!
You are engulfed in a cloud of scalding steam.
* * * LOW HITPOINT WARNING * * *
A gnoll sergeant comes into view. It is wielding a +0 trident.
Things that are here:
+0 steam dragon scales; a steam dragon corpse
Okay, then.
As you read the scroll of teleportation, it crumbles to dust.
You feel strangely unstable.
The gnoll sergeant hits you from afar with a +0 trident!
You die...

# ##.#########
###.......§D.#
......g.)###.#
###..###@# #.#
#. #.# #.# #
#§# #.#
#.###.#
#..##.#
##....# #.####
#.# #.#


You could see a gnoll sergeant.

Vanquished Creatures
  A centaur warrior (D:8)
  A two-headed ogre (D:6)
  A kobold demonologist (D:6)
  Grinder (D:3)
  A wyvern (D:8)
  Eustachio (D:6)
  3 yaks (D:6)
  3 steam dragons
  Duvessa (D:7)
  A water moccasin (D:6)
  2 orc warriors
  2 sky beasts
  An ice beast (D:4)
  3 black bears
  A hornet zombie (D:7)
  2 ogres
  4 kobold brigands
  A bullfrog (D:7)
  3 wyvern zombies (D:7)
  3 scorpions
  Dowan (D:7)
  2 howler monkeys
  3 bullfrog zombies (D:7)
  A centaur zombie (D:7)
  7 orc priests
  2 gnoll boudas
  5 hounds
  A jelly (D:5)
  Ijyb (D:5)
  2 iguanas (D:5)
  13 orc wizards
  8 gnolls
  7 adders
  A white imp (D:5)
  2 ufetubi
  2 worms (D:3)
  2 dart slugs
  35 orcs
  5 ball pythons
  12 endoplasms
  A giant cockroach (D:1)
  2 goblins (D:1)
  6 hobgoblins
  2 jackals (D:1)
  5 quokkas
  4 bats
  4 frilled lizards
  31 kobolds
  2 rats
205 creatures vanquished.

Vanquished Creatures (others)
  An orc wizard (D:7)
  4 fulminant prisms
  42 plants (D:5)
  4 toadstools (D:3)
51 creatures vanquished.

Grand Total: 256 creatures vanquished

Notes
Turn   | Place    | Note
-------+----------+-------------------------------------------
     0 | D:1      | Lobster4 the Deep Elf Conjurer began the quest for the Orb.
     0 | D:1      | Reached XP level 1. HP: 10/10 MP: 6/6
   312 | D:1      | Reached XP level 2. HP: 15/15 MP: 6/8
   450 | D:1      | Learned a level 2 spell: Searing Ray
   530 | D:1      | Found a faded altar of an unknown god.
   829 | D:1      | Reached XP level 3. HP: 19/19 MP: 5/10
  1908 | D:3      | Found Yffe Beje's Jewellery Boutique.
  1960 | D:3      | Noticed Grinder
  1977 | D:3      | Paralysed by Grinder for 4 turns
  1984 | D:3      | Paralysed by Grinder for 5 turns
  1989 | D:3      | Killed Grinder
  1990 | D:3      | Reached skill level 1 in Armour
  1990 | D:3      | Reached skill level 4 in Spellcasting
  1990 | D:3      | Reached skill level 5 in Conjurations
  1990 | D:3      | Reached XP level 4. HP: 10/24 MP: 1/12
  1990 | D:3      | Reached XP level 5. HP: 12/28 MP: 1/14
  2206 | D:3      | Found Vequrgh's Weapon Boutique.
  2236 | D:3      | Found Laucaufeji's Book Shoppe.
  2645 | D:3      | Learned a level 4 spell: Fulminant Prism
  2690 | D:3      | Reached skill level 5 in Spellcasting
  2738 | D:3      | Found Utoreetz's Weapon Boutique.
  3005 | D:4      | Reached XP level 6. HP: 24/32 MP: 10/15
  3187 | D:4      | Reached skill level 1 in Hexes
  3281 | D:4      | Noticed an ice beast
  3289 | D:4      | Killed an ice beast
  3494 | D:4      | Reached skill level 6 in Spellcasting
  3494 | D:4      | Reached XP level 7. HP: 36/36 MP: 8/18
  3750 | D:4      | Found Asucon's Magic Scroll Boutique.
  3829 | D:4      | Found a glowing silver altar of Zin.
  4525 | D:4      | Found a shadowy altar of Dithmenos.
  4720 | D:5      | Entered Level 5 of the Dungeon
  4969 | D:5      | Reached skill level 7 in Spellcasting
  4977 | D:5      | Reached XP level 8. HP: 36/41 MP: 0/20
  5102 | D:5      | Found Wiesirae's General Store.
  5109 | D:5      | Bought a scroll of noise for 14 gold pieces
  5133 | D:5      | Noticed Ijyb
  5156 | D:5      | Killed Ijyb
  5316 | D:5      | Reached skill level 5 in Hexes
  5812 | D:5      | Found an ancient bone altar of Kikubaaqudgha.
  5813 | D:5      | Found a sparkling altar of Nemelex Xobeh.
  6409 | D:5      | Reached skill level 8 in Spellcasting
  6598 | D:5      | Found a shimmering blue altar of Sif Muna.
  6606 | D:5      | Became a worshipper of Sif Muna the Loreminder
  6779 | D:6      | Noticed a two-headed ogre
  6837 | D:6      | Noticed Eustachio
  6845 | D:6      | Killed Eustachio
  6966 | D:6      | Learned a level 2 spell: Blink
  6972 | D:6      | Noticed a kobold demonologist
  6977 | D:6      | Noticed a soul eater
  6978 | D:6      | Noticed an orange demon
  6978 | D:6      | Killed a kobold demonologist
  6979 | D:6      | Reached skill level 9 in Spellcasting
  6979 | D:6      | Reached skill level 1 in Translocations
  6979 | D:6      | Reached XP level 9. HP: 45/45 MP: 14/24
  7380 | D:6      | Learned a level 4 spell: Iskenderun's Mystic Blast
  7812 | D:7      | Noticed Dowan
  7813 | D:7      | Noticed Duvessa
  7838 | D:7      | Killed Dowan
  7892 | D:7      | Killed Duvessa
  7893 | D:7      | Reached skill level 1 in Invocations
  7898 | D:7      | Reached skill level 10 in Spellcasting
  8157 | D:6      | Found a staircase to the Ecumenical Temple.
  8163 | Temple   | Entered the Ecumenical Temple
  8378 | D:6      | Reached skill level 1 in Ranged Weapons
  8500 | D:6      | Killed a two-headed ogre
  8501 | D:6      | Reached XP level 10. HP: 50/50 MP: 17/26
  8803 | D:7      | Reached * piety under Sif Muna
  9168 | D:7      | Found a basalt altar of Yredelemnul.
  9404 | D:7      | Reached skill level 5 in Translocations
  9455 | D:7      | Reached skill level 1 in Fighting
  9455 | D:7      | Reached skill level 1 in Unarmed Combat
 10075 | D:8      | Noticed a centaur warrior
 10088 | D:8      | Killed a centaur warrior
 10089 | D:8      | Reached skill level 11 in Spellcasting
 10479 | D:8      | Slain by a gnoll sergeant

Illustrated notes

Levels and vault maps discovered:
D:1:      mainiacjoe_arrival_reflecting_pool, layout_basic,
          hellmonk_ecumenical_altar_slurped_away
D:2:      layout_loops_cross, nicolae_eternal_life
D:3:      layout_basic, serial_shops, shop, shop, nicolae_shop_trees,
          nicolae_shop_bloodbath_and_beyond, chequers_mini_garden,
          minmay_misc_feat_room, minmay_gold_behind_fungi, uniq_grinder
D:4:      nicolae_cairo_tiling, layout_loops_corners,
          mainiacjoe_overflow_alcove_1, zin_academy, serial_shops,
          nicolae_shop_window_shopping
D:5:      kennysheep_kobold_camp, layout_loops_ring,
          nicolae_overflow_hidden_temple, lemuel_blue_sif_altar,
          minmay_misc_feat_five, minmay_shop_grid_forest,
          minmay_fractal_squares_gapless_5, uniq_ijyb
D:6:      layout_loops_cross, minmay_temple_entry_enclosed_plants,
          hangedman_decor_growths, uniq_eustachio
D:7:      layout_basic, nicolae_yredelemnul_corpse_copse, uniq_duvessa
D:8:      layout_loops_ring, lair_entry_dummy, hangedman_abyss_or_decor_passed,
          minmay_crystal_room
Temple:   nicolae_temple_bog_church

Skill      XL: |  1  2  3  4  5  6  7  8  9 10 |
---------------+-------------------------------+-----
Stealth        | 3 |  3.1
Dodging        | 3 |  3.0
Armour         | 1 2 4 |  4.0
Spellcasting   | 4 5 6 7 9 10 11 | 11.1
Conjurations   | 5 6 8 9 |  9.8
Evocations     | 2 3 |  3.0
Hexes          | 2 4 6 |  6.0
Translocations | 1 4 5 |  5.5
Invocations    | 3 |  3.0
Ranged Weapons | 3 4 |  4.6
Fighting       | 2 |  2.0
Unarmed Combat | 1 |  1.8

Action                   |  1- 3 |  4- 6 |  7- 9 | 10-12 || total
-------------------------+-------+-------+-------+-------++-------
Melee: Short sword       |       |     2 |     1 |       ||     3
       Dagger            |       |       |     4 |       ||     4
 Cast: Magic Dart        |    64 |    34 |   139 |    34 ||   271
       Searing Ray       |     4 |    13 |    63 |    36 ||   116
       Fulminant Prism   |       |       |     2 |     2 ||     4
Evoke: Wand              |     1 |       |     5 |     1 ||     7
  Use: Scroll            |       |       |     6 |     1 ||     7
Armor: Robe              |       |     1 |    17 |     8 ||    26
Dodge: Dodged            |     3 |     5 |    33 |    28 ||    69
Block: Other             |     2 |     1 |    10 |     8 ||    21
       Reflection        |     1 |       |     4 |     2 ||     7

Table legend: (Time is in decaauts)
 A = Elapsed time spent in this place.
 B = Non-inter-level travel time spent in this place.
 C = Inter-level travel time spent in this place.
 D = Time resting spent in this place.
 E = Time spent auto-exploring this place.
 F = Levels seen in this place.
 G = Mean time per level.
                   A        B        C        D        E       F      G
               +--------+--------+--------+--------+--------+-----+--------+
         Total |  10480 |   9965 |    515 |   1850 |   6621 |   9 | 1164.4 |
       Dungeon |  10279 |   9782 |    497 |   1850 |   6452 |   8 | 1284.9 |
        Temple |    200 |    182 |     18 |      0 |    169 |   1 |  200.0 |
               +--------+--------+--------+--------+--------+-----+--------+

Top non-repeatable levels by time:
     D:5: 2027 daAuts
     D:6: 1665 daAuts
     D:4: 1628 daAuts
     D:7: 1448 daAuts
     D:3: 1270 daAuts
     D:1: 1125 daAuts
     D:2: 691 daAuts
     D:8: 421 daAuts
  Temple: 200 daAuts
